AoeStats
← happyhoeker

Arabian Desert

510526157Analyzed
1v1 RM · 1d ago on Oct 1, 2026· 24m 45s· 2 players
Game mode
Random Map
Map size
Tiny (2 player)
Population
200
Speed
Normal
Resources
Standard
Victory
Conquest
Starting age
Dark Age
Ending age
Imperial Age
RankedLock teamsTeams togetherTeam positionsShared explorationLock speedFull tech treeHidden civsTurbo modeCheats
Victory
Defeat
🇨🇱 Vietnamese · Chile
1199
+17
🇳🇱 Magyars · Netherlands
1213
-17
Nyxzio
4:54 Loom
8:58 Feudal Age
11:14 Double-Bit Axe
16:12 Fletching
16:11 Horse Collar
22:40 Castle Age
22:35 Padded Archer Armor
23:16 Bodkin Arrow
23:28 Thumb Ring
24:34 Bow Saw
happyhoeker
11:08 Feudal Age
11:58 Loom
16:37 Horse Collar
21:01 Castle Age
22:08 Scale Barding Armor
22:21 Husbandry
22:36 Light Cavalry
25:21 Bloodlines
Connection lost

Rejoining the realm…

Still unreachable

The connection could not be restored.

Session expired

The server has moved on; the page needs a fresh start.